 Dungeon Crawl Stone Soup version 0.27-a0-249-g74f53ef629 (webtiles) character file.

Game seed: 12199635298496414574

61797 Borgoz the Carver (level 15, -2/132 HPs)
             Began as a Ghoul Gladiator on Feb 3, 2021.
             Was the Champion of Dithmenos.
             Slain by a tyrant leech (19 damage)
             ... on level 6 of the Lair of Beasts.
             The game lasted 00:36:53 (28096 turns).

Borgoz the Carver (Ghoul Gladiator)                Turns: 28096, Time: 00:36:54

Health: -2/132     AC: 26    Str: 20    XL:     15   Next: 4%
Magic:  14/14      EV: 17    Int:  3    God:    Dithmenos [******]
Gold:   1260       SH:  0    Dex: 24    Spells: 14/14 levels left

rFire    + . .     SeeInvis .   a - +3 scimitar
rCold    + . .     Faith    .   (no shield)
rNeg     + + +     Spirit   .   A - +2 chain mail {rF+}
rPois    ∞         Reflect  .   c - +1 helmet
rElec    .         Harm     .   u - +2 cloak
rCorr    .         Rampage  .   G - +2 pair of gloves {Dex+3}
Will     +....                  l - +1 pair of boots
Stlth    ..........             I - amulet of the acrobat
HPRegen  0.00/turn              g - +4 ring of slaying
MPRegen  0.14/turn              j - +6 ring of dexterity

@: wreathed by umbra
A: claws 1, cold resistance 1, negative energy resistance 3, inhibited
regeneration, torment resistance, unbreathing
a: Renounce Religion, Shadow Step, Shadow Form


You were on level 6 of the Lair of Beasts.
You worshipped Dithmenos.
Dithmenos was exalted by your worship.
You visited 3 branches of the dungeon, and saw 21 of its levels.

You collected 2277 gold pieces.
You spent 1017 gold pieces at shops.

Inventory:

Hand Weapons
 a - a +3 scimitar (weapon)
 b - a +0 great sword
 f - the +9 quarterstaff of Cyteghio {freeze, *Slow +Inv rElec Int-2, unknown}
   (You found it on level 6 of the Lair of Beasts)

   It has been specially enchanted to freeze those struck by it, causing extra
   injury to most foes and up to half again as much damage against particularly
   susceptible opponents.
   It can also slow down cold-blooded creatures.
   It affects your intelligence (-2).
   It insulates you from electricity.
   It lets you turn invisible.
   It may slow you when you take damage.
Armour
 c - a +1 helmet (worn)
 l - a +1 pair of boots (worn)
 u - a +2 cloak (worn)
 A - a +2 chain mail of fire resistance (worn)
 G - a +2 pair of gloves of dexterity (worn)
Jewellery
 g - a +4 ring of slaying (left hand)
 j - a +6 ring of dexterity (right hand)
 s - an uncursed ring of resist corrosion
 D - an uncursed ring of see invisible
 E - the ring of the Voivode {rPois Will+ EV+4}
   (You acquired it on level 12 of the Dungeon)

   [ring of evasion]

   It affects your evasion (+4).
   It protects you from poison.
   It affects your willpower, your defense against some magical effects.
 I - an amulet of the acrobat (around neck)
Wands
 h - a wand of iceblast (23)
 o - a wand of mindburst (1)
 p - a wand of paralysis (10)
 r - a wand of digging (14)
 v - a wand of flame (64)
Scrolls
 d - 3 scrolls of identify
 e - 2 scrolls of magic mapping
 k - 8 scrolls of teleportation
 n - 4 scrolls of fog
 t - 4 scrolls of enchant weapon
 w - 2 scrolls of blinking
 x - 3 scrolls of enchant armour
 y - 4 scrolls of remove curse
 z - 3 scrolls of fear
Potions
 i - 2 potions of brilliance
 q - 2 potions of flight
 B - 2 potions of haste
 C - 2 potions of might
 F - 3 potions of curing
 J - a potion of cancellation
 M - a potion of heal wounds


   Skills:
 + Level 11.7 Fighting
 * Level 13.5 Long Blades
 - Level 2.0 Throwing
 * Level 11.6 Armour
 * Level 12.0 Dodging
 - Level 5.0 Evocations


You had 14 spell levels left.
You didn't know any spells.
Your spell library contained the following spells:

 Spells                   Type           Power        Failure   Level
 Animate Skeleton         Necr           0%           99%         1
 Apportation              Tloc           0%           99%         1
 Corona                   Hex            0%           99%         1
 Pain                     Necr           0%           99%         1
 Slow                     Hex            0%           99%         2
 Inner Flame              Hex/Fire       0%           100%        3
 Lesser Beckoning         Tloc           0%           100%        3
 Portal Projectile        Hex/Tloc       0%           100%        3
 Tukima's Dance           Hex            0%           100%        3
 Vampiric Draining        Necr           0%           100%        3
 Animate Dead             Necr           0%           100%        4
 Cause Fear               Hex            0%           100%        4
 Leda's Liquefaction      Hex/Erth       0%           100%        4
 Agony                    Necr           0%           100%        5
 Alistair's Intoxication  Tmut/Pois      0%           100%        5
 Bolt of Magma            Conj/Fire/Erth 0%           100%        5
 Irradiate                Conj/Tmut      0%           100%        5
 Iskenderun's Battlesphe  Conj           0%           100%        5
 Invisibility             Hex            0%           100%        6
 Iron Shot                Conj/Erth      0%           100%        6
 Orb of Destruction       Conj           0%           100%        7
 Spellforged Servitor     Conj/Summ      0%           100%        7
 Hydra Form               Tmut           Unusable     N/A         6
 Statue Form              Tmut/Erth      Unusable     N/A         6
 Dragon Form              Tmut           Unusable     N/A         7

Dungeon Overview and Level Annotations

Branches:
Dungeon (14/15)            Temple (1/1) D:7            Lair (6/6) D:9
 Shoals (0/4) Lair:2       Spider (0/4) Lair:2        Slime (0/5) Lair:6
    Orc (0/2) D:10
 Vaults: D:13-14

Altars:
Ashenzari
Cheibriados
Dithmenos
Elyvilon
Fedhas
Gozag
Hepliaklqana
Kikubaaqudgha
Makhleb
Nemelex Xobeh
Okawaru
Qazlal
Ru
Sif Muna
Trog
Uskayaw
Vehumet
Wu Jian
Xom
Yredelemnul
Zin
The Shining One
Beogh
Jiyva

Shops:
D:6 !(}   D:13 *:(:*

Annotations:
D:13 2 transporters, bmj180's ghost, adept DrCj
Lair:6 4 runed translucent doors, Gyor's ghost, adept KoFi


Innate Abilities, Weirdness & Mutations

You thrive by killing the living.
You are immune to poison.
You have sharp fingernails.
Your flesh is cold resistant. (rC+)
You are immune to negative energy. (rN+++)
You do not regenerate when monsters are visible.
You are immune to unholy pain and torment.
You can survive without breathing.


Message History

The tyrant leech barely misses you.
You slash the tyrant leech!
The tyrant leech is heavily wounded.
Your chain mail prevents you from hitting the tyrant leech.
The tyrant leech is heavily wounded.
The tyrant leech bites you!
* * * LOW HITPOINT WARNING * * *
You hit the tyrant leech.
The tyrant leech is heavily wounded.
You feel much better. The tyrant leech closely misses you.
You hit the tyrant leech but do no damage.
The tyrant leech is heavily wounded.
Your shadow misses the tyrant leech.
The tyrant leech bites you but does no damage.
You completely miss the tyrant leech.
The tyrant leech is heavily wounded.
You slash the tyrant leech!
The tyrant leech is severely wounded.
The tyrant leech bites you!!
You die...

###### ##
#####....### .###
##..........##
...###....P###...[#
.....#..#### ###@.#
##.....## #/††w#
#.#....#### #....[#
##.#......####...##
####.......######
##....#...#.#
##...#.##...##
##...#.####...##
###P..#.## ###.P#


You could see a tyrant leech.

Vanquished Creatures
  A yaktaur captain (D:11)
  Snorg (D:10)
  Fannar (Lair:3)
  2 boulder beetles
  Erolcha (D:12)
  A catoblepas (Lair:6)
  A centaur warrior (D:13)
  5 hydras
  A two-headed ogre (D:8)
  Nergalle (D:10)
  A skeletal warrior (D:11)
  2 unseen horrors
  Pikel (D:8)
  2 lindwurms (Lair:6)
  2 wolf spiders (Lair:6)
  3 ugly things (D:11)
  2 oklob plants (Lair:1)
  11 elephants
  Maurice (D:9)
  A cyclops (D:12)
  A guardian serpent (Lair:6)
  Joseph (D:10)
  10 black mambas
  17 cane toads
  6 torpor snails
  A kobold demonologist (D:11)
  5 komodo dragons
  2 trolls
  3 polar bears
  2 tyrant leeches (Lair:6)
  11 blink frogs
  12 hornets
  A snapping turtle (Lair:2)
  61 yaks
  3 redbacks
  8 wyverns
  A fire elemental (Lair:6)
  4 basilisks
  3 steam dragons
  The ghost of Megustar the Magician, an amateur DEAE (D:4)
  25 water moccasins
  A soldier ant (D:11)
  An eye of draining (D:11)
  7 orc warriors
  Purgy (D:4)
  A hornet zombie (D:9)
  6 ice beasts
  6 sky beasts
  18 wolves
  6 ogres
  A necrophage (D:9)
  A lemure (D:8)
  2 phantoms
  7 centaurs
  3 big kobolds
  15 bullfrogs
  A wyvern skeleton (D:11)
  5 scorpions
  7 killer bees
  A howler monkey (D:9)
  25 wights
  A bullfrog zombie (D:12)
  2 centaur zombies
  A lava snake (Lair:6)
  A quasit (D:9)
  A bullfrog skeleton (D:9)
  8 orc priests
  2 centaur skeletons
  4 hounds
  2 jellies (D:12)
  6 iguanas
  21 orc wizards
  9 worker ants
  A worker ant zombie (D:11)
  4 gnolls (D:3)
  16 adders
  A white imp (D:6)
  2 ufetubi
  An adder skeleton (D:4)
  5 worms
  5 dart slugs
  9 leopard geckos
  60 orcs
  2 ball pythons
  5 bats
  11 giant cockroaches
  4 goblins
  9 hobgoblins
  7 jackals (D:1)
  18 kobolds
  8 quokkas
  4 frilled lizards
  A jackal zombie (D:6)
  A leopard gecko skeleton (D:6)
  A leopard gecko zombie (D:9)
  5 rats
  A fire vortex (Lair:3)
573 creatures vanquished.

Vanquished Creatures (others)
  A two-headed ogre (D:8)
  A wyvern (Lair:6)
  A fire vortex (Lair:6)
  75 fungi
  121 plants
199 creatures vanquished.

Grand Total: 772 creatures vanquished

Notes
Turn   | Place    | Note
-------+----------+-------------------------------------------
     0 | D:1      | Borgoz the Ghoul Gladiator began the quest for the Orb.
     0 | D:1      | Reached XP level 1. HP: 17/17 MP: 0/0
    70 | D:1      | Reached XP level 2. HP: 25/25 MP: 1/1
   191 | D:1      | Reached skill level 3 in Long Blades
   474 | D:1      | Reached XP level 3. HP: 30/30 MP: 2/2
  1537 | D:2      | Reached XP level 4. HP: 37/37 MP: 3/3
  1573 | D:2      | Reached skill level 1 in Armour
  2695 | D:3      | Reached XP level 5. HP: 39/45 MP: 4/4
  3251 | D:3      | Reached skill level 4 in Long Blades
  4357 | D:4      | Noticed a phantom
  4372 | D:4      | Killed a phantom
  4373 | D:4      | Reached XP level 6. HP: 23/52 MP: 5/5
  5091 | D:4      | Reached XP level 7. HP: 13/59 MP: 6/6
  5358 | D:4      | Got a polished whip
  5359 | D:4      | Identified the cursed +3 whip of Lizuaru {vorpal, +Fly
                  | Str+3 Dex-3 Stlth+} (You found it on level 4 of the
                  | Dungeon)
  5430 | D:4      | Noticed Purgy
  5449 | D:4      | Killed Purgy
  5450 | D:4      | Reached skill level 5 in Long Blades
  5478 | D:4      | Found a runed translucent door.
  5484 | D:4      | Noticed Megustar's ghost (amateur DEAE)
  5813 | D:4      | Killed Megustar's ghost
  5855 | D:5      | Entered Level 5 of the Dungeon
  6390 | D:5      | Reached XP level 8. HP: 59/67 MP: 7/7
  6681 | D:5      | Reached skill level 5 in Fighting
  6681 | D:5      | Reached skill level 6 in Long Blades
  7094 | D:6      | Found Zysaocs's Gadget Shoppe.
  7295 | D:6      | Reached skill level 5 in Dodging
  7597 | D:6      | Found Loefiagh's Distillery.
  7737 | D:6      | Found Guatom's Antique Weapon Shop.
  8576 | D:7      | Found a staircase to the Ecumenical Temple.
  8596 | D:7      | Reached skill level 7 in Long Blades
  8596 | D:7      | Reached XP level 9. HP: 48/75 MP: 8/8
  9078 | Temple   | Entered the Ecumenical Temple
  9248 | Temple   | Became a worshipper of Dithmenos the Shadowed
 10183 | D:8      | Noticed a two-headed ogre
 10197 | D:8      | Killed a two-headed ogre
 10199 | D:8      | Reached skill level 5 in Armour
 10203 | D:8      | Reached skill level 8 in Long Blades
 10224 | D:8      | Noticed Pikel
 10251 | D:8      | Killed Pikel
 10252 | D:8      | Reached XP level 10. HP: 16/86 MP: 9/9
 10585 | D:8      | Noticed a two-headed ogre
 10594 | D:8      | Killed a two-headed ogre
 11041 | D:8      | Reached skill level 9 in Long Blades
 11059 | D:8      | Reached * piety under Dithmenos
 11317 | D:8      | Found a shadowy altar of Dithmenos.
 11360 | D:8      | HP: 3/88 [something (7)]
 11361 | D:8      | Killed an unseen horror
 11947 | D:8      | Found a shimmering blue altar of Sif Muna.
 12338 | D:7      | Found an ancient bone altar of Kikubaaqudgha.
 12435 | D:9      | Noticed Maurice
 12447 | D:9      | Killed Maurice
 12704 | D:9      | Found a staircase to the Lair.
 12793 | D:9      | Reached XP level 11. HP: 95/95 MP: 10/10
 13186 | D:10     | Entered Level 10 of the Dungeon
 13195 | D:10     | Reached ** piety under Dithmenos
 13196 | D:10     | Reached skill level 10 in Long Blades
 13545 | D:10     | Noticed Joseph
 13561 | D:10     | Killed Joseph
 13653 | D:10     | Noticed an orc knight
 13654 | D:10     | Noticed an orc knight
 13655 | D:10     | Found a roughly hewn altar of Beogh.
 14059 | D:10     | Noticed Snorg
 14076 | D:10     | Killed Snorg
 14786 | D:10     | Noticed Nergalle
 14818 | D:10     | Killed Nergalle
 14854 | D:10     | Reached skill level 1 in Evocations
 14931 | D:10     | Found a staircase to the Orcish Mines.
 14940 | D:10     | Reached *** piety under Dithmenos
 15198 | D:11     | Noticed a red ugly thing
 15210 | D:11     | Killed a red ugly thing
 15330 | D:11     | Noticed a red ugly thing
 15342 | D:11     | Killed a red ugly thing
 15657 | D:11     | Noticed a red ugly thing
 15667 | D:11     | Killed a red ugly thing
 15858 | D:11     | Noticed a skeletal warrior
 15860 | D:11     | Noticed a sixfirhy
 15873 | D:11     | Killed a skeletal warrior
 15955 | D:11     | Noticed a yaktaur captain
 15965 | D:11     | Killed a yaktaur captain
 15966 | D:11     | Reached skill level 11 in Long Blades
 15966 | D:11     | Reached XP level 12. HP: 42/105 MP: 11/11
 16436 | D:12     | Noticed a boulder beetle
 16775 | D:12     | Reached **** piety under Dithmenos
 16812 | D:11     | Killed a boulder beetle
 17191 | D:12     | Identified 3 scrolls of acquirement
 17192 | D:12     | Acquired the ring of the Voivode {rPois Will+ EV+4}
 17310 | D:12     | Acquired 688 gold pieces
 17312 | D:12     | Acquired a +0 pair of gloves of dexterity
 17353 | D:12     | Noticed Erolcha
 17376 | D:12     | Killed Erolcha
 17783 | D:13     | Found a bloodstained altar of Trog.
 17783 | D:13     | Noticed a two-headed ogre
 17783 | D:13     | Noticed bmj180's ghost (adept DrCj)
 17783 | D:13     | Noticed a two-headed ogre
 17845 | D:13     | Found a transporter.
 17847 | D:13     | Identified the +6 lajatang "Caubbi" {antimagic, rElec}
 17853 | D:13     | Found a transporter.
 17913 | D:13     | Noticed a centaur warrior
 17932 | D:13     | Killed a centaur warrior
 18068 | D:13     | Found Wedou's Book Boutique.
 18093 | D:13     | Found Casungomp's Antique Weapon Shoppe.
 18098 | D:13     | Found Sieluch's Assorted Antiques.
 18119 | D:13     | Bought a jacinth-encrusted plate armour for 840 gold pieces
 18119 | D:13     | Bought a small steel amulet for 150 gold pieces
 18119 | D:13     | Bought a grey potion for 27 gold pieces
 18139 | D:13     | Identified the +7 plate armour of the Tortoise {rF- Will-
                  | Dex+8 SInv} (You bought it in a shop on level 13 of the
                  | Dungeon)
 18186 | D:13     | Found Zuxeh's Book Boutique.
 18320 | D:13     | Found Tinlaupang's General Store.
 18397 | D:14     | Noticed a boulder beetle
 18445 | D:14     | Killed a boulder beetle
 18446 | D:14     | Reached skill level 10 in Fighting
 18770 | Lair:1   | Entered Level 1 of the Lair of Beasts
 19060 | Lair:1   | Reached XP level 13. HP: 111/113 MP: 12/12
 19605 | Lair:1   | Found the +4 skin of Zhor {Englaciate rC+++ SInv}
 20532 | Lair:2   | Found a hole to the Spider Nest.
 20582 | Lair:2   | Reached skill level 10 in Dodging
 20658 | Lair:2   | Reached skill level 12 in Long Blades
 21547 | Lair:2   | Found a staircase to the Shoals.
 21862 | Lair:3   | Reached skill level 10 in Armour
 21865 | Lair:3   | Reached ***** piety under Dithmenos
 22141 | Lair:3   | Noticed Fannar
 22175 | Lair:3   | Killed Fannar
 22987 | Lair:4   | Reached skill level 5 in Evocations
 23607 | Lair:4   | Reached XP level 14. HP: 122/122 MP: 13/13
 25121 | Lair:5   | Reached skill level 13 in Long Blades
 25346 | Lair:6   | Entered Level 6 of the Lair of Beasts
 25686 | Lair:6   | Reached ****** piety under Dithmenos
 25723 | Lair:6   | Got a spiked leather armour
 25734 | Lair:6   | Identified the +1 leather armour "Higaint" {Dex+3} (You
                  | found it on level 6 of the Lair of Beasts)
 26417 | Lair:6   | Got a faintly glowing quarterstaff
 26670 | Lair:6   | Found a runed translucent gate.
 26670 | Lair:6   | Found a runed translucent gate.
 26670 | Lair:6   | Found a runed translucent gate.
 26674 | Lair:6   | Noticed Gyor's ghost (adept KoFi)
 27030 | Lair:6   | Found a viscous altar of Jiyva.
 27030 | Lair:6   | Found a staircase to the Slime Pits.
 27486 | Lair:6   | Found a runed translucent door.
 27864 | Lair:6   | Reached XP level 15. HP: 72/132 MP: 14/14
 28091 | Lair:6   | HP: 4/132 [tyrant leech (11)]
 28096 | Lair:6   | Slain by a tyrant leech

Illustrated notes

Levels and vault maps discovered:
D:1:      psy_arrival_conway, layout_basic, st_stairs_13
D:2:      layout_rooms, serial_aquarium, aquarium_bridge_square
          [aquarium_subvault_bridge, aquarium_subvault_window,
          aquarium_subvault_window, aquarium_subvault_bridge],
          aquarium_window_1, aquarium_window_double, aquarium_window_fake,
          aquarium_window_1, aquarium_view_2e, aquarium_balcony_double_3
D:3:      layout_basic
D:4:      layout_rooms, gammafunk_ghost_grave, uniq_purgy
D:5:      layout_basic, st_stairs_1
D:6:      layout_basic, serial_shops, shop, nicolae_shop_waterfront,
          kennysheep_little_box
D:7:      kennysheep_steamy, layout_basic, nicolae_overflow_hidden_temple,
          minmay_temple_entry_offerings
D:8:      kennysheep_orc_sif_temple, layout_loops_ring,
          nicolae_dithmenos_the_darkroom, uniq_pikel
D:9:      layout_long_grid, lair_entry_dummy, uniq_maurice
D:10:     statuecave_lemuel, layout_cave_pods, david_orc_5, uniq_snorg,
          uniq_joseph, uniq_nergalle
D:11:     layout_grid_maze, minmay_three_doors
D:12:     layout_basic, uniq_erolcha
D:13:     layout_long_grid, gammafunk_ghost_wrathful_warriors, serial_shops,
          shop, shop, shop, shop, shop
D:14:     orc_temple, layout_grid_maze, david_vaults_1
Temple:   kilobyte_greek_temple
Lair:1:   layout_regular_city, minmay_lair_oklob_chamber
Lair:2:   layout_regular_city, minmay_shoals_entry_hut, spider_nest_entry_webs,
          grunt_megastairs_3
Lair:3:   layout_gridlike, uniq_fannar
Lair:4:   layout_roguey, serial_bayou_shore_a
Lair:5:   minmay_lair_venomous_thicket, layout_regular_city,
          infiniplex_staircase_pool_2, grunt_megastairs_2
Lair:6:   wormcave, layout_gridlike, hangedman_lair_tendril_chambers,
          dpeg_slime_entry_enclosed_altar, gammafunk_ghost_split

Skill      XL: |  1  2  3  4  5  6  7  8  9 10 11 12 13 14 |
---------------+-------------------------------------------+-----
Throwing       | 2 |  2.0
Long Blades    | 3 4 5 7 8 9 11 12 13 | 13.5
Dodging        | 3 4 5 6 7 8 9 10 12 | 12.0
Armour         | 1 2 3 4 5 6 8 9 10 11 | 11.6
Fighting       | 3 4 5 7 8 9 10 11 | 11.7
Evocations     | 2 3 5 |  5.0

Action                   |  1- 3 |  4- 6 |  7- 9 | 10-12 | 13-15 || total
-------------------------+-------+-------+-------+-------+-------++-------
Melee: Long sword        |   123 |   212 |   289 |       |       ||   624
       Dagger            |       |       |    38 |       |       ||    38
       Scimitar          |       |       |    81 |   743 |   914 ||  1738
Throw: Throwing net      |       |       |     8 |     5 |     1 ||    14
Evoke: Wand              |       |       |       |     9 |    31 ||    40
  Use: Potion            |     2 |     5 |     6 |     1 |     5 ||    19
       Scroll            |     1 |     9 |     4 |    18 |     3 ||    35
 Stab: Sleeping          |       |     1 |       |       |       ||     1
       Held in net/web   |       |       |     3 |     7 |     2 ||    12
       Invisible         |       |       |     4 |       |       ||     4
       Paralysed         |       |       |       |     7 |       ||     7
       Petrified         |       |       |       |       |     7 ||     7
       Petrifying        |       |       |       |       |     2 ||     2
Armor: Leather armour    |    44 |    45 |       |       |       ||    89
       Ring mail         |       |    11 |    21 |       |       ||    32
       Scale mail        |       |       |   214 |       |       ||   214
       Chain mail        |       |       |    48 |   383 |   526 ||   957
Dodge: Dodged            |   116 |   151 |   269 |   577 |  1097 ||  2210
       Rpst.: Long sword |    35 |    45 |    60 |       |       ||   140
       Scimitar          |       |       |    20 |   169 |   276 ||   465

Table legend: (Time is in decaauts)
 A = Elapsed time spent in this place.
 B = Non-inter-level travel time spent in this place.
 C = Inter-level travel time spent in this place.
 D = Time resting spent in this place.
 E = Time spent auto-exploring this place.
 F = Levels seen in this place.
 G = Mean time per level.
                   A        B        C        D        E       F      G
               +--------+--------+--------+--------+--------+-----+--------+
         Total |  27966 |  26807 |   1159 |   7767 |  14458 |  21 | 1331.7 |
       Dungeon |  18591 |  17974 |    617 |   5401 |   9391 |  14 | 1327.9 |
        Temple |    208 |    170 |     38 |      0 |    162 |   1 |  208.0 |
          Lair |   9166 |   8663 |    503 |   2366 |   4904 |   6 | 1527.7 |
               +--------+--------+--------+--------+--------+-----+--------+

Top non-repeatable levels by time:
  Lair:6: 2452 daAuts
     D:8: 2240 daAuts
    D:11: 1965 daAuts
     D:6: 1853 daAuts
     D:3: 1850 daAuts
  Lair:1: 1781 daAuts
    D:10: 1681 daAuts
  Lair:2: 1589 daAuts
     D:2: 1398 daAuts
     D:4: 1387 daAuts
  Lair:4: 1343 daAuts
     D:1: 1306 daAuts
     D:7: 1231 daAuts
  Lair:5: 1076 daAuts
     D:9: 1053 daAuts
